[Event "Late-Titled-Tuesday-Blitz-April-30-2024"]
[Site "Chess.com"]
[Date "2024.04.30"]
[Round "5"]
[White "jraosam"]
[Black "Cambek64"]
[Result "1-0"]
[WhiteElo "2102"]
[BlackElo "2514"]
[TimeControl "180+1"]
[EndTime "14:56:19 PDT"]
[Termination "jraosam won by resignation"]

1. e4 c5 2. Nf3 d6 3. d4 cxd4 4.
Nxd4 Nf6 5. Nc3 a6 6. Bg5 e5 7.
Nde2 Be7 8. Bxf6 Bxf6 9. Ng3 g6 10. Bc4 O-O 11. Qf3 Be6 12. Bb3 Bg7 13. O-O-O Nc6 14. Nd5 Nd4 15. Qd3 Rc8 16. Kb1 b5 17.
Ne2 Nxb3 18. axb3 Rc6 19. h4 h5 20. f3 Re8 21. Nec3 Qb8 22. g4 b4 23. Ne2 hxg4 24. h5 gxh5 25. Rxh5 Bxd5 26. exd5 Qb5 27. dxc6 Qxc6 28.
fxg4 Re6 29. Ng3 e4 30. Qd5 Qb6 31. Nxe4 Qe3 32. Nxd6 a5 33. Nf5 Qe5 34. Nxg7 Kxg7 35. Rxe5 1-0

[Event "Late-Titled-Tuesday-Blitz-April-30-2024"]
[Site "Chess.com"]
[Date "2024.04.30"]
[Round "5"]
[White "DanielNaroditsky"]
[Black "shrek4life02"]
[Result "1-0"]
[WhiteElo "3034"]
[BlackElo "2720"]
[TimeControl "180+1"]
[EndTime "14:56:20 PDT"]
[Termination "DanielNaroditsky won by checkmate"]

1. e4 c6 2. d4 d5 3. exd5 cxd5 4. Nf3 Nc6 5. Bb5 Qa5+ 6. Nc3 Nf6 7. Bd2 Qd8 8. O-O a6 9. Bxc6+ bxc6 10. Ne5 Bb7 11. Na4 e6 12. Bg5 h6 13. Bh4 g5 14. Bg3 Ne4 15.
Qh5 Rh7 16. f4 Qa5 17. b3 Qd2 18. Qh3 Qxd4+ 19. Kh1 O-O-O 20. Rad1 Nxg3+ 21. hxg3 Qe4 22. Rde1 Qf5 23. g4 Qxc2 24. Rc1 Qe4 25. Nxc6 Bxc6 26. Rxc6+ Kb8 27. Qc3 f5 28. Rc1 Qxf4 29. Qa5 Rdd7 30. Qb6+ Rb7 31. Rc8# 1-0

[Event "Late-Titled-Tuesday-Blitz-April-30-2024"]
[Site "Chess.com"]
[Date "2024.04.30"]
[Round "5"]
[White "Arystanner"]
[Black "ArrestingPieces"]
[Result "1-0"]
[WhiteElo "2841"]
[BlackElo "2518"]
[TimeControl "180+1"]
[EndTime "14:56:20 PDT"]
[Termination "Arystanner won by resignation"]

1. d4 d5 2. Nf3 Nf6 3. c4 e6 4.
Nc3 c5 5. e3 Nc6 6. cxd5 exd5 7.
Bb5 Bd6 8. dxc5 Bxc5 9. O-O O-O 10. b3 Bg4 11. Bb2 d4 12. Na4 Bd6 13. Bxc6 bxc6 14.
Qxd4 Bxf3 15. gxf3 Re8 16. Qh4 Be5 17. Bxe5 Rxe5 18. f4 Rh5 19. Qg3 Ne4 20. Qg4 Rh4 21. Qg2 f5 22. Rad1 Qf6 23. f3 Nc3 24. Nxc3 Qxc3 25. Qd2 Qf6 26. Qd6 Rf8 27. Qxf6 Rxf6 28. Rd8+ Kf7 29. Rd7+ Kf8 30. Rxa7 Rd6 31. Rf2 Rhh6 32.
Kf1 Rhg6 33. Ra5 Rd1+ 34. Ke2 Rgg1 35. Rxf5+ Kg8 36. Rg2 Rxg2+ 37. Kxd1 Rxa2 38. h4 Rb2 39. Rc5 Rxb3 40. Kd2 Rb6 41. Kd3 Kf7 42. Ra5 Ke6 43. f5+ Kf6 44. f4 Rb1 45. Rc5 Rb6 46. Ke4 h6 47. h5 Ra6 48. Kf3 Rb6 49. Kg4 Ra6 50. e4 Rb6 51. e5+ Kf7 52. Ra5 Rb7 53. Kf3 Rc7 54. Rc5 Ke7 55. Ke4 Kd7 56. Rc1 Rb7 57. Rg1 Rb4+ 58. Ke3 Rb3+ 59. Ke2 Rb2+ 60. Kd3 Rb3+ 61.
Kc4 Rf3 62. Rxg7+ Kc8 63. Kc5 Rxf4 64. f6 Rf5 65. Kd6 c5 66. f7 c4 67. Rg8+ Kb7 68. f8=Q Rxf8 69. Rxf8 1-0

[Event "Late-Titled-Tuesday-Blitz-April-30-2024"]
[Site "Chess.com"]
[Date "2024.04.30"]
[Round "5"]
[White "LyonBeast"]
[Black "superchess02"]
[Result "1-0"]
[WhiteElo "3119"]
[BlackElo "2868"]
[TimeControl "180+1"]
[EndTime "14:56:21 PDT"]
[Termination "LyonBeast won by resignation"]

1. Nf3 Nf6 2. b3 d5 3. Bb2 c5 4. e3 a6 5. d4 Nc6 6. Nbd2 Bg4 7. h3 Bh5 8. dxc5 e6 9. a3 Bxc5 10. b4 Ba7 11. c4 O-O 12. Be2 d4 13. exd4 Nxd4 14.
O-O Nxe2+ 15. Qxe2 a5 16. Rfd1 Qe7 17. c5 Bb8 18. Nc4 axb4 19. axb4 Rxa1 20. Bxa1 Nd5 21. Rxd5 Bxf3 22. gxf3 Qh4 23. Rd1 Qf4 24. Be5 Bxe5 25. Nxe5 Qxb4 26. Qc4 Qb2 27. Qd4 Qc2 28. Kg2 h6 29.
Rd2 Qf5 30. h4 Rc8 31. Qe4 Qf6 32. Qxb7 Rxc5 33. Qxf7+ Qxf7 34. Rd8+ Kh7 35. Nxf7 Kg6 36. Nd6 Rd5 37. Nb7 Rb5 38. Rd7 Rb4 39. Kg3 Rb5 40. Nd8 Kf6 41. Rf7+ Kg6 42. Re7 Rd5 43. Nxe6 Kf6 44.
Nf4 1-0

[Event "Late-Titled-Tuesday-Blitz-April-30-2024"]
[Site "Chess.com"]
[Date "2024.04.30"]
[Round "5"]
[White "Revan_2002"]
[Black "ural58"]
[Result "1-0"]
[WhiteElo "2768"]
[BlackElo "2547"]
[TimeControl "180+1"]
[EndTime "14:56:21 PDT"]
[Termination "Revan_2002 won by resignation"]

1. Nf3 d5 2. e3 Nf6 3. c4 c6 4. b3 Bf5 5. Bb2 e6 6. Nc3 h6 7. Be2 Nbd7 8. O-O Be7 9. d4 O-O 10.
h3 a6 11. a4 Ne4 12. Nxe4 Bxe4 13. Bd3 Bxd3 14. Qxd3 Bf6 15. e4 dxe4 16. Qxe4 Qc7 17. Rad1 Rad8 18. Rd3 Rfe8 19. Rfd1 g6 20. Ba3 Bg7 21.
h4 Nf6 22. Qe2 Nh5 23. g3 b5 24. axb5 axb5 25. Kg2 bxc4 26. bxc4 Ra8 27. Qe4 Nf6 28. Qe5 Qc8 29. Qf4 Ra4 30. Qc1 Qa6 31. Ne5 Rd8 32. Be7 Ra8 33. Bxf6 Bxf6 34. Qxh6 c5 35. Qf4 Bxe5 36.
dxe5 Rf8 37. Rd8 Qb7+ 38. Kh2 Ra8 39. R1d7 Qc6 40. Qxf7+ 1-0

[Event "Late-Titled-Tuesday-Blitz-April-30-2024"]
[Site "Chess.com"]
[Date "2024.04.30"]
[Round "5"]
[White "ozates"]
[Black "Heliosis11"]
[Result "1-0"]
[WhiteElo "2594"]
[BlackElo "2398"]
[TimeControl "180+1"]
[EndTime "14:56:22 PDT"]
[Termination "ozates won by resignation"]

1. e4 c5 2. Nf3 e6 3. Nc3 Nc6 4.
Bb5 Nge7 5. O-O Nd4 6. Nxd4 cxd4 7. Ne2 a6 8. Bd3 Nc6 9. c3 dxc3 10. dxc3 Be7 11.
f4 d5 12. exd5 Qxd5 13. Qc2 g6 14. Be4 Qc5+ 15. Kh1 O-O 16. b4 Qb6 17. a3 Bf6 18.
Bb2 Bd7 19. c4 Bxb2 20. c5 Qc7 21. Qxb2 Rad8 22. Rf3 Ne7 23. Nd4 Nf5 24. Bxf5 exf5 25. Raf1 Bc6 26. Nxf5 f6 27. Rg3 Rd5 28. Nd6 Rh5 29. f5 g5 30. Qb3+ Kg7 31. Re1 Rh4 32. Rge3 Bxg2+ 33. Kxg2 Qc6+ 34. Re4 Rxe4 35. Rxe4 h5 36. Qf3 Kh6 37. Re7 Qa4 38. h3 Qc2+ 39. Qe2 Qc3 40. Qxh5+ 1-0

[Event "Late-Titled-Tuesday-Blitz-April-30-2024"]
[Site "Chess.com"]
[Date "2024.04.30"]
[Round "5"]
[White "ferdipy"]
[Black "disciplinedbrat"]
[Result "0-1"]
[WhiteElo "2281"]
[BlackElo "2432"]
[TimeControl "180+1"]
[EndTime "14:56:23 PDT"]
[Termination "disciplinedbrat won by resignation"]

1. e4 Nc6 2. d4 d5 3. exd5 Qxd5 4.
Nf3 Bg4 5. Be2 O-O-O 6. Be3 e5 7. O-O exd4 8. Bf4 Kb8 9. Nbd2 Bf5 10. Bc4 Qd7 11.
Re1 f6 12. a3 g5 13. Bg3 h5 14.
h4 gxh4 15. Nxh4 Nh6 16. Qxh5 Bxc2 17. Be6 Qg7 18. Qb5 a6 19. Qc4 d3 20. b4 Rd4 21.
Qc3 Bd6 22. Bxd6 Rxh4 23. Bg3 Rh5 24. Nf3 Nf5 25. Bh2 Nh4 26. Nxh4 Rxh4 27. f3 Rxh2 0-1

[Event "Late-Titled-Tuesday-Blitz-April-30-2024"]
[Site "Chess.com"]
[Date "2024.04.30"]
[Round "5"]
[White "Janh4"]
[Black "1g60-1"]
[Result "0-1"]
[WhiteElo "2193"]
[BlackElo "2432"]
[TimeControl "180+1"]
[EndTime "14:56:23 PDT"]
[Termination "1g60-1 won on time"]

1. d4 e6 2. Nc3 d5 3. Bf4 Nf6 4. Nb5 Na6 5. e3 c6 6. Nc3 Nc7 7. Nf3 Bb4 8. Bd3 Ne4 9. Bxe4 dxe4 10. Nd2 Nd5 11. Ncxe4 f5 12. Ng5 Nxf4 13. exf4 O-O 14. c3 Be7 15. Ngf3 c5 16. O-O Bd6 17. g3 b6 18. Re1 Qf6 19. Nc4 Be7 20. Nce5 Qh6 21. dxc5 Bxc5 22. Qb3 Bb7 23. Rad1 Rad8 24. Rxd8 Rxd8 25. Rd1 Rd5 26. Rxd5 Bxd5 27. Qa4 Qh5 28. Kg2 h6 29. Qxa7 Bd6 0-1

[Event "Late-Titled-Tuesday-Blitz-April-30-2024"]
[Site "Chess.com"]
[Date "2024.04.30"]
[Round "5"]
[White "TigrVShlyape"]
[Black "nochewycandy"]
[Result "1-0"]
[WhiteElo "2937"]
[BlackElo "2811"]
[TimeControl "180+1"]
[EndTime "14:56:24 PDT"]
[Termination "TigrVShlyape won on time"]

1. d4 d5 2. Nf3 Nf6 3. Bf4 Bf5 4. e3 e6 5. c4 Bxb1 6. Rxb1 Bb4+ 7. Ke2 O-O 8. Qb3 c5 9. a3 dxc4 10. Qxc4 Ba5 11.
dxc5 Nd5 12. g3 Bc7 13. Bg2 Nc6 14. Rhd1 Bxf4 15. exf4 Qa5 16. Rbc1 Rac8 17. Kf1 b5 18. cxb6 Qxb6 19. Qe2 Nce7 20. Ne5 Qb3 21. Be4 g6 22. Kg2 Nf6 23. Bf3 Nf5 24. Rxc8 Rxc8 25. Rd3 Qa2 26. Qd2 Kg7 27. Rc3 Rb8 28. Rc2 Qb3 29. Nc6 Rc8 30. Rc3 Qb6 31. b4 h5 32. h4 Ng4 33. Rc5 a6 34. Qc3+ Kh7 35. Ne5 Rxc5 36. bxc5 Qc7 37. Bxg4 hxg4 38. Nxg4 Qc6+ 39. f3 Qc7 40. c6 Qd6 41. c7 Qxc7 42. Qxc7 1-0

[Event "Late-Titled-Tuesday-Blitz-April-30-2024"]
[Site "Chess.com"]
[Date "2024.04.30"]
[Round "5"]
[White "LeninGuerra"]
[Black "ViIIagra"]
[Result "0-1"]
[WhiteElo "2666"]
[BlackElo "2890"]
[TimeControl "180+1"]
[EndTime "14:56:24 PDT"]
[Termination "ViIIagra won by resignation"]

1. e4 Nc6 2. Nf3 d6 3. d4 Nf6 4. Bd3 e5 5. c3 g6 6. O-O Bg7 7. dxe5 dxe5 8. Bg5 h6 9. Bxf6 Qxf6 10. Nbd2 O-O 11.
Qe2 Nd8 12. Bc4 Ne6 13. Bxe6 Bxe6 14. Rfd1 Rfd8 15. Nf1 Rxd1 16. Rxd1 Bxa2 17. Qb5 Qb6 18. Qxb6 axb6 19. Ra1 Ra6 20. N1d2 Be6 21. Rxa6 bxa6 22. Kf1 f6 23. Ke2 h5 24. Kd3 Bh6 25. Ne1 Kf7 26.
Nc2 Ke7 27. Nb4 a5 28. Nc2 b5 29. Ne3 Kd6 30. Nb1 c5 31. Na3 c4+ 32. Ke2 Kc5 33. h3 b4 34. Nb1 f5 35. f3 a4 36. g4 fxe4 37. gxh5 exf3+ 38. Kxf3 gxh5 39. Nc2 b3 40. Ne3 Bxh3 41. Na3 Bxe3 42. Kxe3 Bf5 0-1

[Event "Late-Titled-Tuesday-Blitz-April-30-2024"]
[Site "Chess.com"]
[Date "2024.04.30"]
[Round "5"]
[White "emeli_chess"]
[Black "Iuckyducky"]
[Result "0-1"]
[WhiteElo "2458"]
[BlackElo "2245"]
[TimeControl "180+1"]
[EndTime "14:56:26 PDT"]
[Termination "Iuckyducky won by resignation"]

1. d4 Nf6 2. c4 e6 3. Nc3 Be7 4. e4 d5 5. e5 Ng8 6. Nf3 c6 7. Bd3 Nd7 8. O-O b6 9. a3 Bb7 10. b4 Qc7 11. c5 h5 12. Bg5 Nh6 13. Bxe7 Kxe7 14. Qd2 f6 15. exf6+ gxf6 16. Rae1 Rae8 17. Bg6 Reg8 18. Rxe6+ Kxe6 19. Re1+ Ne5 20. Nxe5 fxe5 21. Rxe5+ Kd7 22. Qg5 Kc8 23. Re7 Qd8 24. Bf5+ Kb8 25. Qf6 Nxf5 26. Qe5+ Ka8 27. Rf7 Re8 0-1

[Event "Late-Titled-Tuesday-Blitz-April-30-2024"]
[Site "Chess.com"]
[Date "2024.04.30"]
[Round "5"]
[White "QuintilianoR"]
[Black "JustinWang1234"]
[Result "1-0"]
[WhiteElo "2723"]
[BlackElo "2983"]
[TimeControl "180+1"]
[EndTime "14:56:27 PDT"]
[Termination "QuintilianoR won by checkmate"]

1. Nf3 Nf6 2. b3 d5 3. Bb2 Bf5 4.
g3 e6 5. Bg2 h6 6. O-O c5 7. d3 Nc6 8. Ne5 Nxe5 9. Bxe5 Bd6 10.
Bb2 O-O 11. Nd2 Bh7 12. e4 dxe4 13. dxe4 Nd7 14. Nc4 Bc7 15. a4 Qe7 16. Qg4 Nf6 17. Qe2 Rab8 18. a5 Rfd8 19. Rad1 b5 20. axb6 axb6 21.
e5 Nd5 22. Nd6 Bg6 23. h4 Nb4 24. Be4 Bxe4 25. Nxe4 Nc6 26. f4 b5 27. Rxd8+ Nxd8 28. Rd1 Nc6 29. Nf6+ gxf6 30. exf6 Qf8 31. Rd7 Bb6 32.
Qg4+ Kh8 33. Qh5 Nd8 34. Re7 c4+ 35. Kh2 Kh7 36. f5 e5 37. Bxe5 Ra8 38. Qg6+ Kh8 39. Qg7+ Qxg7 40. fxg7+ Kh7 41. Re8 f6 42. g8=Q# 1-0

[Event "Late-Titled-Tuesday-Blitz-April-30-2024"]
[Site "Chess.com"]
[Date "2024.04.30"]
[Round "5"]
[White "ChessSwole"]
[Black "Darkbluelord"]
[Result "0-1"]
[WhiteElo "2662"]
[BlackElo "2208"]
[TimeControl "180+1"]
[EndTime "14:56:28 PDT"]
[Termination "Darkbluelord won by resignation"]

1. c4 e5 2. Nc3 f5 3. Nf3 Nc6 4. d4 e4 5. d5 exf3 6. dxc6 bxc6 7. exf3 Nf6 8. Bd3 Bb4 9. Bxf5 Bxc3+ 10. bxc3 O-O 11. O-O d5 12. Bd3 Be6 13. cxd5 Qxd5 14. Qc2 Rad8 15. Rd1 Bf5 16. Ba3 Bxd3 17. Qa4 Rfe8 18.
Qxa7 Rd7 19. Bb2 Qc4 20. Re1 Rde7 21. Rxe7 Rxe7 22. Qb8+ Kf7 23. a4 Qe6 24. h3 Nd5 25. c4 Nf4 26. Kh2 Qg6 27. g3 Bf5 28. gxf4 Qh5 29.
Qb3 Qxh3+ 30. Kg1 Re6 31. c5 Ke7 32. Qxe6+ Bxe6 33. a5 Bd5 34. Re1+ Kd7 35. Re3 Bxf3 36.
Rxf3 Qxf3 37. Bxg7 Qg4+ 38. Kf1 Qxg7 0-1

[Event "Late-Titled-Tuesday-Blitz-April-30-2024"]
[Site "Chess.com"]
[Date "2024.04.30"]
[Round "5"]
[White "Hilary46"]
[Black "Sesleria"]
[Result "1-0"]
[WhiteElo "2720"]
[BlackElo "2127"]
[TimeControl "180+1"]
[EndTime "14:56:28 PDT"]
[Termination "Hilary46 won by resignation"]

1. e4 c5 2. Nf3 e6 3. d4 cxd4 4.
Nxd4 a6 5. c4 Nf6 6. Nc3 Qc7 7.
Be2 Bb4 8. O-O O-O 9. Qd3 Nc6 10. Nxc6 dxc6 11. Rd1 e5 12. Be3 Be6 13. f3 Be7 14. Qc2 Nd7 15. a3 b5 16. b4 bxc4 17. Na4 c5 18. Rxd7 Bxd7 19. Nxc5 Bxc5 20. Bxc5 Rfc8 21. Bxc4 Bb5 22. Bd5 Bc6 23. Rd1 Rd8 24. Qc4 Rac8 25. h3 h5 26. Qc1 Ba4 27. Rd3 Qd7 28. Qg5 Rc6 29. Bxf7+ Qxf7 30. Rxd8+ Kh7 31. Qxe5 Rf6 32. Rf8 Qg6 33. Rxf6 gxf6 34. Qe7+ Kg8 35. Bd4 Qg3 36. Qxf6 Bb5 37. Qh8+ Kf7 38. Qxh5+ Ke7 39. Qe5+ 1-0

[Event "Late-Titled-Tuesday-Blitz-April-30-2024"]
[Site "Chess.com"]
[Date "2024.04.30"]
[Round "5"]
[White "FabianoCaruana"]
[Black "HamedWafa4"]
[Result "1-0"]
[WhiteElo "3089"]
[BlackElo "2730"]
[TimeControl "180+1"]
[EndTime "14:56:29 PDT"]
[Termination "FabianoCaruana won by resignation"]

1. d4 Nf6 2. c4 e6 3. g4 d5 4. g5 Ne4 5. Nc3 Bb4 6. Qb3 Bxc3+ 7. bxc3 Nxg5 8. Bg2 Ne4 9. Nf3 c6 10. h4 Qb6 11. Qc2 Nd7 12. Ng5 Nxg5 13. hxg5 Nf8 14. Bf4 Qa6 15. c5 b6 16. Bd6 bxc5 17. dxc5 Qa3 18.
Rb1 Ba6 19. Rh4 Bb5 20. Rhb4 a5 21. Rxb5 cxb5 22. Rxb5 Rd8 23. Bc7 Ra8 24. c4 Nd7 25.
Bd6 Rc8 26. cxd5 exd5 27. Rb3 Rxc5 28. Bxc5 Qxc5 29. Qxc5 Nxc5 30. Rb8+ 1-0

[Event "Late-Titled-Tuesday-Blitz-April-30-2024"]
[Site "Chess.com"]
[Date "2024.04.30"]
[Round "5"]
[White "grzechu96"]
[Black "ACollins05"]
[Result "1-0"]
[WhiteElo "2789"]
[BlackElo "2576"]
[TimeControl "180+1"]
[EndTime "14:56:30 PDT"]
[Termination "grzechu96 won by resignation"]

1. e4 a6 2. d4 b5 3. a4 b4 4. Nf3 Bb7 5. Bd3 e6 6. Qe2 c5 7.
c3 bxc3 8. bxc3 d6 9. O-O Nf6 10.
Nbd2 Be7 11. dxc5 dxc5 12. Nc4 O-O 13. Rb1 Qc7 14. Bg5 Nbd7 15. Rfe1 Rab8 16. e5 Bxf3 17. Qxf3 Nd5 18. Qe4 g6 19. Bxe7 Nxe7 20. Nd6 Nd5 21. Rbc1 Rbd8 22. Bxa6 Nxe5 23. Qxe5 Qxd6 24. Qxd6 Rxd6 25.
Bb5 Ra8 26. Red1 Rad8 27. g3 Nc7 28. Rxd6 Rxd6 29. Bf1 Rd2 30. Ra1 Rd8 31. a5 Ra8 32. a6 Kf8 33. a7 c4 34. Bxc4 Ke7 35. Bf1 Kd6 36. Bg2 Nd5 37. c4 Kc5 38. cxd5 exd5 39.
Ra5+ Kb4 40. Rxd5 Rxa7 41. Rd6 Kc5 42. Rd5+ Kc4 43. Rd1 Re7 44. h4 h5 45. Rb1 Kd3 46. Rb7 Re1+ 47. Bf1+ Ke4 48. Rxf7 Ra1 49. Rf4+ Ke5 50.
Kg2 Ra2 51. Bd3 Ra6 52. Bxa6 1-0

[Event "Late-Titled-Tuesday-Blitz-April-30-2024"]
[Site "Chess.com"]
[Date "2024.04.30"]
[Round "5"]
[White "osielchesslover2011"]
[Black "VD_coach"]
[Result "0-1"]
[WhiteElo "2226"]
[BlackElo "2541"]
[TimeControl "180+1"]
[EndTime "14:56:31 PDT"]
[Termination "VD_coach won on time"]

1. e4 c5 2. Nf3 d6 3. d4 cxd4 4. Nxd4 Nf6 5. Nc3 g6 6. Be3 Bg7 7. f3 Nc6 8. Qd2 O-O 9. Bc4 Bd7 10. h4 Qa5 11. Bb3 Rfc8 12. O-O-O Ne5 13. h5 Rxc3 14.
Qxc3 Qxc3 15. bxc3 Nxh5 16. g4 Nf6 17. g5 Nh5 18.
Rh4 Rc8 19. Kb2 a5 20. a4 Bxa4 21. f4 Nc4+ 22. Bxc4 Rxc4 23. f5 Bc6 24. Rd3 a4 25. Nxc6 bxc6 26. Bd4 c5 27. Bxg7 Kxg7 28. Rf3 f6 29.
gxf6+ Nxf6 30. fxg6 hxg6 31. Rg3 Rxe4 32. Rxe4 Nxe4 33. Re3 d5 34. c4 e6 35. cxd5 exd5 36. c4 Nd6 0-1

[Event "Late-Titled-Tuesday-Blitz-April-30-2024"]
[Site "Chess.com"]
[Date "2024.04.30"]
[Round "5"]
[White "Jakhongir-Vakhidov"]
[Black "Boninknights"]
[Result "1-0"]
[WhiteElo "2739"]
[BlackElo "2369"]
[TimeControl "180+1"]
[EndTime "14:56:33 PDT"]
[Termination "Jakhongir-Vakhidov won by resignation"]

1. c4 Nf6 2. Nc3 g6 3. g3 Bg7 4. Bg2 O-O 5. d4 d6 6. Nf3 c6 7.
O-O Qa5 8. e4 e5 9. h3 Nbd7 10.
Re1 exd4 11. Nxd4 Ne5 12. Bf1 Be6 13. Nxe6 fxe6 14. Kg2 Rad8 15. f4 Nf7 16. Bd2 Qc7 17. Rc1 Qb8 18. Be3 e5 19. Qa4 a6 20. Be2 exf4 21.
gxf4 Rde8 22. Bf3 h6 23. Rcd1 g5 24. c5 dxc5 25. e5 Nh7 26. Bxc5 gxf4 27. Bxf8 Nxf8 28. Qxf4 Ng6 29. Qg3 Nfxe5 30. Bh5 Re6 31. Kh1 Kh7 32. Ne4 Qf8 33. Rf1 Qb4 34. Qg2 Nh4 35. Qc2 Kh8 36. Rd8+ 1-0

[Event "Late-Titled-Tuesday-Blitz-April-30-2024"]
[Site "Chess.com"]
[Date "2024.04.30"]
[Round "5"]
[White "PenguinPacks"]
[Black "GaiozNigalidze"]
[Result "0-1"]
[WhiteElo "2457"]
[BlackElo "2742"]
[TimeControl "180+1"]
[EndTime "14:56:34 PDT"]
[Termination "GaiozNigalidze won by resignation"]

1. e4 d6 2. d4 c6 3. Nc3 Qc7 4. Be3 e5 5. Nf3 Bg4 6. h3 Bh5 7. Be2 Be7 8. a4 Nf6 9. O-O O-O 10. Qd2 Nbd7 11. Rad1 Rfd8 12. Rfe1 a5 13. d5 Bg6 14. Bd3 cxd5 15. Nb5 Qc8 16. Nh4 dxe4 17. Nxg6 hxg6 18.
Be2 d5 19. Bg5 Qc5 20. c3 b6 21. Be3 Qc6 22. Bg5 Nf8 23. Qe3 Ne6 24. Bh4 Nc5 25.
Bg3 Nxa4 26. Bxe5 Nxb2 27. Rb1 Nc4 28. Bxc4 Qxc4 29. Qxb6 Bc5 30. Qb7 a4 31. Bd6 a3 32. Bc7 a2 33. Ra1 Rdc8 34. Nd6 Bxd6 35. Bxd6 Qxc3 36. Rf1 d4 37. Rxa2 Rxa2 0-1

[Event "Late-Titled-Tuesday-Blitz-April-30-2024"]
[Site "Chess.com"]
[Date "2024.04.30"]
[Round "5"]
[White "StelaSfw"]
[Black "KVAIDAN"]
[Result "0-1"]
[WhiteElo "1699"]
[BlackElo "2346"]
[TimeControl "180+1"]
[EndTime "14:56:34 PDT"]
[Termination "KVAIDAN won by checkmate"]

1. e4 e5 2. Nf3 d5 3. exd5 e4 4. Ng1 Nf6 5. c4 c6 6. dxc6 Nxc6 7. Nc3 Bb4 8. d3 Bg4 9. Be2 Bxe2 10. Qxe2 Qxd3 11. Qxd3 exd3 12. Bd2 Nd4 13. O-O-O O-O-O 14. Nh3 Bxc3 15. Bxc3 Ne2+ 16. Kd2 Ne4+ 17. Ke3 N4xc3 18.
bxc3 Nxc3 19. Rxd3 Rhe8+ 20. Kd2 Rxd3+ 21. Kxd3 Nxa2 22. Ra1 Nb4+ 23. Kc3 Nc6 24. Ra2 Re4 25. f3 Re3+ 26. Kd2 Re7 27. Nf4 Rd7+ 28. Kc3 Rd1 29. Nd5 Rc1+ 30. Kd2 Rxc4 31. Ke3 Rc5 32. Rd2 a5 33.
Nb6+ Kc7 34. Nd5+ Kb8 35. Nb6 Ne5 36. Kd4 Rb5 37. Nd7+ Nxd7 38. Kc4 Rb4+ 39. Kc3 Kc7 40. Ra2 b6 41. Re2 Kd6 42. Rd2+ Kc6 43. Re2 Rh4 44. h3 Rh6 45. Re4 Nc5 46. Rc4 Rd6 47.
Kb2 b5 48. Rc2 b4 49. Kb1 Kb5 50. Rb2 a4 51. Re2 b3 52. Re7 Kb4 53. Rxf7 Kc3 54. Rxg7 Rd1# 0-1

[Event "Late-Titled-Tuesday-Blitz-April-30-2024"]
[Site "Chess.com"]
[Date "2024.04.30"]
[Round "5"]
[White "CarlosjPineror"]
[Black "sergiochess83"]
[Result "0-1"]
[WhiteElo "2710"]
[BlackElo "2915"]
[TimeControl "180+1"]
[EndTime "14:56:37 PDT"]
[Termination "sergiochess83 won on time"]

1. e4 e6 2. d3 d5 3. Nd2 Nc6 4.
Ngf3 g5 5. h3 Bg7 6. g3 h6 7.
Bg2 dxe4 8. dxe4 Nge7 9. O-O Ng6 10. Qe2 Qe7 11. c3 Bd7 12. Nc4 O-O-O 13. a4 Rhe8 14.
Bd2 f5 15. b4 f4 16. e5 fxg3 17. fxg3 Rf8 18. b5 Ncxe5 19. Nfxe5 Nxe5 20. Qe4 c6 21. Be3 Nxc4 22. Qxc4 Qd6 23. Bxa7 Qxg3 24. Rxf8 Rxf8 25. Rd1 Be5 26. Bf2 Qxf2+ 0-1

[Event "Late-Titled-Tuesday-Blitz-April-30-2024"]
[Site "Chess.com"]
[Date "2024.04.30"]
[Round "5"]
[White "WoodlandMagic"]
[Black "Crazy_girl99"]
[Result "1-0"]
[WhiteElo "2873"]
[BlackElo "2661"]
[TimeControl "180+1"]
[EndTime "14:56:37 PDT"]
[Termination "WoodlandMagic won by resignation"]

1. e4 e5 2. Nf3 Nc6 3. Bb5 a6 4. Ba4 Nf6 5. O-O Nxe4 6. d4 b5 7. Bb3 d5 8. dxe5 Be6 9. c3 Be7 10.
Bc2 O-O 11. Nbd2 f5 12. Nb3 Qd7 13. Nbd4 Nxd4 14. Nxd4 c5 15. Nxe6 Qxe6 16. f3 Ng5 17.
a4 Rad8 18. axb5 axb5 19. Qe2 c4 20. Be3 b4 21. Qd2 Nf7 22. f4 b3 23. Bd1 Qc6 24. Bf3 Rd7 25. Rfd1 Rfd8 26. Qd4 g5 27. g3 gxf4 28.
gxf4 Bf8 29. Kh1 Qe6 30. Rg1+ Kh8 31. Ra6 Qxa6 32. e6+ Ne5 33. exd7 Bg7 34. Rxg7 Kxg7 35. Qxe5+ Qf6 36. Qxd5 Qe7 37. Bd4+ Kf8 38. Bc5 Rxd7 39.
Bxe7+ Kxe7 40. Qxd7+ Kxd7 41. Bd5 1-0

[Event "Late-Titled-Tuesday-Blitz-April-30-2024"]
[Site "Chess.com"]
[Date "2024.04.30"]
[Round "5"]
[White "burritus"]
[Black "NowInChess"]
[Result "1-0"]
[WhiteElo "2421"]
[BlackElo "2256"]
[TimeControl "180+1"]
[EndTime "14:56:37 PDT"]
[Termination "burritus won by resignation"]

1. d4 Nf6 2. Nf3 g6 3. g3 Bg7 4. c4 d6 5. Bg2 O-O 6. O-O c6 7. Nc3 Qa5 8. h3 Be6 9. Qd3 Na6 10. a3 d5 11. cxd5 Nxd5 12. Ng5 Bf5 13. e4 Nxc3 14. bxc3 Bd7 15. Rb1 b5 16. f4 c5 17. f5 cxd4 18. cxd4 Rac8 19. Bd2 Qb6 20. Be3 Qa5 21. Rbc1 Rxc1 22. Rxc1 Rc8 23. Rxc8+ Bxc8 24. g4 Qe1+ 25. Kh2 Nc7 26. Bf4 Qa5 27. e5 h6 28.
Bd2 Qb6 29. Ne4 Bb7 30. fxg6 fxg6 31. Nc5 Bxg2 32. Kxg2 Qc6+ 33. Qf3 Kh7 34. Qxc6 1-0

[Event "Late-Titled-Tuesday-Blitz-April-30-2024"]
[Site "Chess.com"]
[Date "2024.04.30"]
[Round "5"]
[White "tgpgoat"]
[Black "oskariot"]
[Result "0-1"]
[WhiteElo "2460"]
[BlackElo "2743"]
[TimeControl "180+1"]
[EndTime "14:56:38 PDT"]
[Termination "oskariot won by resignation"]

1. Nf3 c5 2. b3 Nc6 3. Bb2 Nf6 4. e3 g6 5. d4 Bg7 6. Be2 O-O 7. O-O cxd4 8.
Nxd4 d6 9. c4 Bd7 10. Nc3 Qa5 11.
Bf3 Rfc8 12. Qd2 Rab8 13. Rfd1 a6 14. Nxc6 bxc6 15. Qc2 Bf5 16. e4 Be6 17. Ne2 Nd7 18. Bxg7 Kxg7 19. Nf4 Qe5 20. Nxe6+ fxe6 21. Qd2 Rf8 22.
Qd4 Qxd4 23. Rxd4 e5 24. Rd2 a5 25. Rb1 Nc5 26. a3 Rxb3 27. Rxb3 Nxb3 28. Rb2 Nd4 29. Rb7 Kf6 30. Bd1 Ra8 31. Ba4 Ra6 32. f3 Ne6 33.
Kf2 Nc5 34. Bb5 cxb5 35. cxb5 Ra8 36. Rb6 a4 37. Ke3 Ke6 38. Kd2 Kd7 39. Kc3 Kc7 40. Rc6+ Kb7 41. Kb4 Rc8 42. Rxc8 Kxc8 43. b6 Kb7 44.
Kb5 g5 45. g4 h6 46. Ka5 Nd7 47. Kxa4 Kxb6 48. Kb4 Nc5 49. a4 Nd3+ 50. Kc4 Ne1 51. Kd5 Nxf3 52. h3 Nd4 53. Kc4 Ka5 54. Kd5 Kxa4 55. Kc4 e6 56. Kd3 Kb5 57. Kc3 Kc5 58.
Kd3 Nc6 59. Kc3 Ne7 0-1

[Event "Late-Titled-Tuesday-Blitz-April-30-2024"]
[Site "Chess.com"]
[Date "2024.04.30"]
[Round "5"]
[White "Perecke"]
[Black "realburq"]
[Result "1-0"]
[WhiteElo "2566"]
[BlackElo "2385"]
[TimeControl "180+1"]
[EndTime "14:56:40 PDT"]
[Termination "Perecke won by resignation"]

1. e4 c5 2. Nf3 Nc6 3. d4 cxd4 4. Nxd4 Nf6 5. Nc3 e5 6. Ndb5 d6 7. Nd5 Nxd5 8. exd5 Nb8 9. a4 a6 10. Na3 Be7 11. Be2 O-O 12. O-O f5 13. Bd2 Nd7 14.
a5 Bg5 15. Bb4 Nf6 16. Nc4 Ne4 17. f3 Nc5 18. Bxc5 dxc5 19. Nxe5 Re8 20. f4 Bf6 21. Nc4 Bd7 22. d6 Bb5 23. c3 Re4 24. Rf2 Kh8 25. Nb6 Rb8 26. Bxb5 axb5 27. Qd5 Qe8 28. d7 Re1+ 29. Rxe1 Qxe1+ 30. Rf1 Qe3+ 31. Kh1 b4 32. Qxf5 bxc3 33. bxc3 Rd8 34. Nd5 Qe2 35. Rg1 Bxc3 36. Nxc3 Rg8 37. Nd5 Qd2 38. Qe6 c4 39. Qxg8+ 1-0